[Event "*** Titled Tuesday Blitz"]
[Site "Chess.com"]
[Date "2019.03.05"]
[Round "5"]
[White "Vuk2000"]
[Black "Alexander_Moskalenko"]
[Result "0-1"]
[WhiteElo "2737"]
[BlackElo "2758"]
[TimeControl "180+2"]
[EndTime "14:11:12 PST"]
[Termination "Alexander_Moskalenko won on time"]

1. d4 Nf6 2. Bg5 g6 3. Bxf6 exf6 4. c4 Bg7 5. Nc3 f5 6. g3 O-O 7. Bg2 d6 8. e3 Nd7 9. Nge2 Nf6 10. O-O Re8 11.
Qd3 c6 12. b4 h5 13. h4 Ng4 14. b5 Bd7 15. Rab1 Bh6 16. Nf4 Qc7 17. bxc6 bxc6 18.
Rb2 Rab8 19. Rfb1 Rxb2 20. Rxb2 Rb8 21. Qb1 Rb6 22. Rxb6 axb6 23. Qb4 c5 24. Ncd5 Qa7 25. Qxb6 Qxa2 26. Nd3 Be6 27. Qd8+ Kg7 28. Qxd6 cxd4 29.
Nc7 Bxc4 30. Qxd4+ Kh7 31. Bd5 Qb1+ 32. Kg2 Bxd3 0-1

[Event "*** Titled Tuesday Blitz"]
[Site "Chess.com"]
[Date "2019.03.05"]
[Round "5"]
[White "SuperCheese"]
[Black "jmduque"]
[Result "1-0"]
[WhiteElo "2622"]
[BlackElo "2353"]
[TimeControl "180+2"]
[EndTime "14:11:12 PST"]
[Termination "SuperCheese won by resignation"]

1. d4 Nf6 2. c4 e6 3. Nc3 Bb4 4. Qc2 Nc6 5. Nf3 d6 6. Bd2 O-O 7. a3 Bxc3 8. Bxc3 Re8 9. g3 e5 10. d5 Ne7 11. Bg2 Bf5 12. Qb3 Qc8 13. Nd2 b6 14. h3 h5 15. e4 Bd7 16. Qd1 Ng6 17. b4 h4 18. Qf3 Nh7 19. Qe3 Qd8 20. O-O Ng5 21. Kh2 f6 22. Nf3 Nxf3+ 23. Qxf3 Kf7 24. Bd2 hxg3+ 25. fxg3 Rh8 26. h4 Qc8 27. Bg5 Bg4 28.
Qf2 Qd8 29. Kg1 Qe7 30. c5 bxc5 31. bxc5 dxc5 32. Rac1 Rab8 33. Rxc5 Rhc8 34. Rfc1 Rb3 35. Rc6 Rxa3 36. d6 Qd7 37. Rxc7 Rxc7 38. Rxc7 Ra1+ 39.
Kh2 Be6 40. Rxd7+ Bxd7 41. Be3 Ra6 42. Qd2 Nf8 43. Qd5+ Ne6 44. Bh3 Rc6 45. Bxe6+ 1-0

[Event "*** Titled Tuesday Blitz"]
[Site "Chess.com"]
[Date "2019.03.05"]
[Round "5"]
[White "GadimbayliA"]
[Black "vpantev"]
[Result "1-0"]
[WhiteElo "2853"]
[BlackElo "2636"]
[TimeControl "180+2"]
[EndTime "14:11:17 PST"]
[Termination "GadimbayliA won by resignation"]

1. e4 c6 2. Nf3 d5 3. exd5 cxd5 4. Ne5 Nc6 5. d4 Nf6 6. c3 g6 7. Bb5 Bd7 8. Nxd7 Qxd7 9. Nd2 Bg7 10. O-O O-O 11.
Re1 Qc7 12. Nf3 e6 13. g3 Ne4 14.
Bd3 f5 15. Ng5 Qe7 16. Nh3 e5 17. f3 exd4 18. fxe4 fxe4 19. Qb3 Qd7 20. Bxe4 Qxh3 21. Bxd5+ Kh8 22. Bg2 Qf5 23. Bf4 dxc3 24. bxc3 Qc5+ 25. Kh1 Na5 26. Qa4 Rac8 27. Rac1 b6 28. c4 g5 29. Be3 Bd4 30. Bd2 Rf2 31. Bb4 Qf5 32. Re8+ Rxe8 33. Qxe8+ Kg7 34. Qe7+ Kh6 35. Rd1 Rxg2 36.
Qf8+ Bg7 37. Qxf5 1-0

[Event "*** Titled Tuesday Blitz"]
[Site "Chess.com"]
[Date "2019.03.05"]
[Round "5"]
[White "Divertissement"]
[Black "Slovak_fighter2000"]
[Result "0-1"]
[WhiteElo "2711"]
[BlackElo "2478"]
[TimeControl "180+2"]
[EndTime "14:11:18 PST"]
[Termination "Slovak_fighter2000 won by resignation"]

1. b3 d5 2. Bb2 Bg4 3. h3 Bh5 4.
g4 Bg6 5. Bg2 c6 6. e3 Nd7 7. Ne2 e5 8. O-O Bd6 9. d3 f6 10. Nd2 Ne7 11. e4 Bf7 12. Ng3 Qc7 13. c4 dxe4 14. dxe4 a5 15. Qe2 Nc5 16. Rfd1 Ne6 17.
Ndf1 Bc5 18. Ne3 Nf4 19. Qf1 O-O 20. Kh2 Rad8 21. Nef5 Nxf5 22. gxf5 Rxd1 23. Rxd1 Rd8 24. Bc1 Rxd1 25. Qxd1 Bxf2 26. Qg4 h5 27. Qf3 Bxg3+ 28.
Qxg3 Ne2 29. Qe3 Nxc1 30. Qxc1 Qd6 31. Qe1 b6 32. Qe3 Qd4 33. Qc1 Qf2 34. Qa3 h4 35. Qd6 Bh5 36. Qd3 Qf4+ 37. Kg1 Kh7 38. a4 c5 39. Kh1 Qg3 40. Qf1 Qxb3 41. Qf2 Qg3 42. Qf1 Qe3 43. Kh2 Be2 44. Qc1 Qxc1 0-1

[Event "*** Titled Tuesday Blitz"]
[Site "Chess.com"]
[Date "2019.03.05"]
[Round "5"]
[White "Walter_White_Poland"]
[Black "HrvojeZagreb"]
[Result "0-1"]
[WhiteElo "2195"]
[BlackElo "2122"]
[TimeControl "180+2"]
[EndTime "14:11:19 PST"]
[Termination "HrvojeZagreb won on time"]

1. e4 e6 2. d4 d5 3. exd5 exd5 4. Nf3 Bd6 5. c4 c6 6. Nc3 Ne7 7. Bd3 dxc4 8. Bxc4 O-O 9. O-O Nd7 10. Bb3 Nb6 11.
Ne5 Nbd5 12. Be3 f6 13. Nd3 Kh8 14. Nxd5 Nxd5 15. Bxd5 cxd5 16. Bf4 Bf5 17. Bxd6 Qxd6 18. Nc5 b6 19. Nb3 Rac8 20. Rc1 Rc4 21. Re1 Rfc8 22.
Qd2 h6 23. Rc3 Qb4 24. Rec1 a5 25. Qf4 Bg6 26. Qg4 Kh7 27. Qxc8 Rxc8 28. Rxc8 a4 29. Na1 Qxb2 30. h3 Qxd4 31. Nc2 Qb2 32. Ne3 Qxa2 0-1

[Event "*** Titled Tuesday Blitz"]
[Site "Chess.com"]
[Date "2019.03.05"]
[Round "5"]
[White "Quiet_Desperation"]
[Black "TreinadorBR"]
[Result "1-0"]
[WhiteElo "2405"]
[BlackElo "2204"]
[TimeControl "180+2"]
[EndTime "14:11:21 PST"]
[Termination "Quiet_Desperation won by resignation"]

1. e4 c5 2. d4 cxd4 3. c3 d3 4. Bxd3 Nc6 5. Nf3 e6 6. O-O d6 7. Qe2 Be7 8. Rd1 Qc7 9. c4 Nf6 10. Nc3 a6 11. b3 Ne5 12. Nxe5 dxe5 13. Rf1 O-O 14. f4 exf4 15. e5 Bc5+ 16. Kh1 Nd7 17.
Bxf4 g6 18. Ne4 Be7 19. Nf6+ Bxf6 20. exf6 Qc5 21. Bh6 Re8 22. Rae1 e5 23. Be4 Qd6 24. Rd1 Qe6 25. Bd5 Qb6 26. Bg7 Nf8 27.
Qd2 Be6 28. Qh6 Qc5 29. Bh8 1-0

[Event "*** Titled Tuesday Blitz"]
[Site "Chess.com"]
[Date "2019.03.05"]
[Round "5"]
[White "Marcus_Harvey"]
[Black "PowerThinking2650"]
[Result "1-0"]
[WhiteElo "2598"]
[BlackElo "2327"]
[TimeControl "180+2"]
[EndTime "14:11:22 PST"]
[Termination "Marcus_Harvey won by resignation"]

1. Nf3 Nf6 2. b3 g6 3. Bb2 Bg7 4. e3 O-O 5. Be2 c5 6. O-O Nc6 7. d4 cxd4 8. Nxd4 d5 9. c4 Re8 10. cxd5 Nxd5 11. Nxc6 bxc6 12. Bxg7 Kxg7 13. Qc1 Bb7 14.
Rd1 Qb6 15. Na3 Rad8 16. Qb2+ Kg8 17. Nc4 Qc7 18. Rac1 e5 19. Bf3 e4 20. Be2 f5 21. g3 Qg7 22. Qxg7+ Kxg7 23. Na5 Ba8 24. Nxc6 Rd7 25. Bb5 Rc8 26. Nd4 Rxc1 27. Rxc1 Re7 28. a3 Nf6 29. b4 Bd5 30. h3 h5 31. h4 Ng4 32. Rc5 Bf7 33. Be2 Ne5 34. Nc6 Nxc6 35.
Rxc6 Rd7 36. Kf1 Kf8 37. Ke1 Ke7 38. Bc4 Bxc4 39. Rxc4 Rd3 40. Rc7+ Kd6 41. Rxa7 Rb3 42. Ra6+ Kd5 43. Rxg6 Rxa3 44. Rg5 Kc4 45. Kf1 Kd3 46. Rxf5 Ra1+ 47. Kg2 Rb1 48. Rxh5 Rxb4 49. Rd5+ Ke2 50. Rd4 1-0

[Event "*** Titled Tuesday Blitz"]
[Site "Chess.com"]
[Date "2019.03.05"]
[Round "5"]
[White "Pechen_Yeltsina"]
[Black "volcanoexplorer"]
[Result "1-0"]
[WhiteElo "2650"]
[BlackElo "2365"]
[TimeControl "180+2"]
[EndTime "14:11:25 PST"]
[Termination "Pechen_Yeltsina won by resignation"]

1. e4 e5 2. Nc3 Nf6 3. Bc4 c6 4. d4 exd4 5. Qxd4 b5 6. Bb3 d6 7. e5 Qe7 8. Nf3 dxe5 9. Qxe5 Nbd7 10. Qxe7+ Bxe7 11. Bg5 O-O 12. O-O-O Nc5 13. Rhe1 Be6 14. Nd4 h6 15. Nxe6 Nxe6 16. Bxf6 Bxf6 17. Bxe6 fxe6 18.
Rxe6 Bxc3 19. bxc3 Rxf2 20. Rd2 Raf8 21. Ree2 Rf1+ 22.
Kb2 R1f4 23. Rd4 Rf2 24. Rde4 R8f6 25. Re7 a5 26. h3 Kh7 27. a4 Kg6 28. axb5 cxb5 29.
R7e5 Rxe2 30. Rxe2 Rf5 31. Kb3 Kf6 32. c4 Rc5 33. cxb5 Rxb5+ 34. Kc4 Rb8 35. c3 Kf5 36. Ra2 Rc8+ 37. Kd4 Rd8+ 38. Ke3 Rd5 39. c4 Rc5 40. Kd4 Rc8 41. Rxa5+ Kf4 42. Ra7 g5 43. Rh7 Kg3 44. Rxh6 Kxg2 45. Rg6 Kxh3 46. Rxg5 Kh4 47. Rg7 Kh5 48.
c5 Kh6 49. Rg2 Kh5 50. Kd5 Rf8 51. c6 Rf1 52. Kd6 Rd1+ 53. Kc7 Rc1 54. Rd2 Kg6 55.
Kd7 Ra1 56. c7 Ra7 57. Kd8 Kf7 58. c8=Q 1-0

[Event "*** Titled Tuesday Blitz"]
[Site "Chess.com"]
[Date "2019.03.05"]
[Round "5"]
[White "GrandGlacier"]
[Black "Mbneu"]
[Result "1-0"]
[WhiteElo "2153"]
[BlackElo "2240"]
[TimeControl "180+2"]
[EndTime "14:11:30 PST"]
[Termination "GrandGlacier won by resignation"]

1. e4 c5 2. Nf3 Nf6 3. e5 Nd5 4. d4 cxd4 5. Qxd4 e6 6. Nc3 Nc6 7. Qg4 f5 8. exf6 Nxf6 9. Qh4 Be7 10. Bd3 d5 11. Bg6+ Kf8 12. Ng5 Ne5 13. Bd3 Nxd3+ 14. cxd3 Kg8 15. O-O h6 16. Nf3 Ne4 17. Qh5 Nf6 18. Qe5 Bd6 19. Qd4 Bd7 20. Ne5 Kh7 21. Bf4 Qe7 22. Qe3 Rhf8 23. d4 g5 24. Qd3+ Ne4 25.
Nxe4 dxe4 26. Qxe4+ Rf5 27. g4 gxf4 28. gxf5 Qg5+ 29. Kh1 Bxe5 30. fxe6+ Kh8 31. exd7 1-0

[Event "*** Titled Tuesday Blitz"]
[Site "Chess.com"]
[Date "2019.03.05"]
[Round "5"]
[White "jbj"]
[Black "Sanan_Sjugirov"]
[Result "0-1"]
[WhiteElo "2589"]
[BlackElo "2889"]
[TimeControl "180+2"]
[EndTime "14:11:31 PST"]
[Termination "Sanan_Sjugirov won by checkmate"]

1. e4 c5 2. d4 cxd4 3. c3 Nf6 4. e5 Nd5 5. Nf3 d6 6. exd6 Qxd6 7. Na3 a6 8. Nc4 Qd8 9. Nxd4 e6 10. Be2 Be7 11. O-O O-O 12. Bf3 b5 13. Ne3 Bb7 14. a4 bxa4 15. c4 Nxe3 16. Bxe3 Qc8 17.
Rxa4 Nd7 18. b4 Nb6 19. Bxb7 Qxb7 20. c5 Nxa4 21. Qxa4 a5 22. Nc6 axb4 23. Nxe7+ Qxe7 24. Qxb4 Qc7 25. Qb6 Rfc8 26. Rb1 h6 27. Qxc7 Rxc7 28. h4 e5 29. g4 Ra4 30. f3 Ra2 31. Rc1 f6 32.
Bf2 Kf7 33. Kg2 g6 34. Kg3 f5 35. gxf5 gxf5 36. Bg1 Ke6 37. Rd1 Rg7+ 38. Kh3 f4 39. Re1 Rg3# 0-1

[Event "*** Titled Tuesday Blitz"]
[Site "Chess.com"]
[Date "2019.03.05"]
[Round "5"]
[White "jamengrand"]
[Black "STAYFlow"]
[Result "1-0"]
[WhiteElo "2170"]
[BlackElo "2233"]
[TimeControl "180+2"]
[EndTime "14:11:33 PST"]
[Termination "jamengrand won by checkmate"]

1. e4 e5 2. Nf3 Nc6 3. Bc4 Nf6 4. d4 exd4 5. e5 d5 6. Bb5 Ne4 7. Nxd4 Bc5 8. Be3 O-O 9. Bxc6 bxc6 10. O-O Qe8 11. f3 Nd6 12. f4 Ne4 13. Nd2 Nxd2 14. Qxd2 Rb8 15. Nb3 Bxe3+ 16. Qxe3 Rb4 17. Qxa7 Bf5 18.
c3 Re4 19. Rae1 Qd8 20. Nc5 Rxe1 21. Rxe1 Qh4 22. Rf1 Qe7 23. Nb3 Be4 24. Qc5 Qd7 25. Nd2 Bd3 26. Re1 h5 27. Qe3 Bf5 28. Nf3 Be4 29.
Ng5 Bf5 30. h3 Rb8 31. b4 Ra8 32. Re2 Ra3 33. Qc5 g6 34. e6 fxe6 35. g4 hxg4 36.
hxg4 Bxg4 37. Rh2 d4 38. Rh8+ Kg7 39. Qf8# 1-0

[Event "*** Titled Tuesday Blitz"]
[Site "Chess.com"]
[Date "2019.03.05"]
[Round "5"]
[White "ShimanovAlex"]
[Black "DanielMieles1985"]
[Result "0-1"]
[WhiteElo "2807"]
[BlackElo "2636"]
[TimeControl "180+2"]
[EndTime "14:11:37 PST"]
[Termination "DanielMieles1985 won on time"]

1. e4 e5 2. Bc4 Nf6 3. d3 Bc5 4. Nf3 d6 5. c3 Nc6 6. h3 a5 7. a4 O-O 8. Bg5 h6 9. Bh4 g5 10. Bg3 Ba7 11. Nbd2 Nh5 12. Bh2 Qf6 13. g4 Nf4 14. Bxf4 Qxf4 15. Qe2 Be6 16. Nf1 Ne7 17. Ng3 Qf6 18. Nf5 Bxf5 19. gxf5 d5 20. Ba2 dxe4 21. dxe4 Rfd8 22. Qc4 Rd7 23. Ke2 Rad8 24. Rag1 Nxf5 25. h4 Nxh4 26. Rh3 Rd2+ 27. Ke1 Nxf3+ 0-1

[Event "*** Titled Tuesday Blitz"]
[Site "Chess.com"]
[Date "2019.03.05"]
[Round "5"]
[White "shrek4life02"]
[Black "DrMelekess"]
[Result "0-1"]
[WhiteElo "2390"]
[BlackElo "2696"]
[TimeControl "180+2"]
[EndTime "14:11:39 PST"]
[Termination "DrMelekess won by resignation"]

1. d4 d5 2. Bf4 Nf6 3. Nf3 e6 4. e3 Bd6 5. Bg3 O-O 6. Bd3 c5 7. c3 b6 8. Nbd2 Bb7 9. O-O Qc7 10. Ne5 Nbd7 11. f4 Ne4 12. Nxe4 dxe4 13. Bb5 Nf6 14.
Qe2 Nd5 15. Nc4 cxd4 16. Nxd6 d3 17. Bxd3 exd3 18. Qxd3 Qxd6 19. e4 Qc5+ 20. Bf2 Nxf4 21. Bxc5 Nxd3 22. Bxf8 Kxf8 23. a4 a5 24. b4 Bxe4 25.
bxa5 bxa5 26. Rab1 f5 27. Rb5 Ke7 28. c4 Rc8 29.
Rxa5 Rxc4 30. Ra7+ Kf6 31. g4 Rc2 32. g5+ Kg6 33.
Ra1 Rg2+ 34. Kf1 Rxh2 35. Ra3 f4 36. Rd7 Rh1+ 37. Ke2 f3+ 38. Ke3 f2 0-1

[Event "*** Titled Tuesday Blitz"]
[Site "Chess.com"]
[Date "2019.03.05"]
[Round "5"]
[White "Grieve72"]
[Black "Chessialist"]
[Result "0-1"]
[WhiteElo "2346"]
[BlackElo "2498"]
[TimeControl "180+2"]
[EndTime "14:11:40 PST"]
[Termination "Chessialist won by resignation"]

1. d4 Nf6 2. Bg5 c5 3. Nc3 cxd4 4. Qxd4 Nc6 5. Qh4 e6 6. e4 Be7 7. O-O-O Qa5 8. f4 d6 9. Nf3 a6 10. Qe1 h6 11. Bh4 Qc7 12. e5 dxe5 13. fxe5 Ng4 14. Bxe7 Qxe7 15. h3 Ngxe5 16. Ne4 O-O 17. Nxe5 Nxe5 18.
g4 Bd7 19. Qg3 Ng6 20. Bg2 Bc6 21. h4 Qb4 22. Rhe1 Rfd8 23. Rxd8+ Rxd8 24. c3 Qa4 25. a3 Qc4 26. h5 Qa2 27. Nf6+ gxf6 28. Bxc6 Ne5 29.
Be4 Nc4 30. Re2 Nxa3 0-1

[Event "*** Titled Tuesday Blitz"]
[Site "Chess.com"]
[Date "2019.03.05"]
[Round "5"]
[White "Margency"]
[Black "MITerryble"]
[Result "0-1"]
[WhiteElo "2597"]
[BlackElo "2811"]
[TimeControl "180+2"]
[EndTime "14:11:42 PST"]
[Termination "MITerryble won on time"]

1. d4 Nf6 2. Bf4 d6 3. Nc3 c6 4. e4 Qa5 5. Bd2 Qb6 6. Nf3 Bg4 7. e5 dxe5 8. dxe5 Nfd7 9. e6 Bxe6 10. Bd3 Nc5 11.
Be2 Nbd7 12. O-O Bg4 13. Ng5 Bxe2 14. Qxe2 h6 15. Nf3 Qxb2 16. Rab1 Qxc2 17. Nd4 Qg6 18. Rfd1 e6 19. Be3 Be7 20. Rxb7 Nxb7 21. Nxc6 Nbc5 22.
Bxc5 Bxc5 23. Rxd7 O-O 24. Ne4 Rac8 25. Ne5 Qf5 26.
Nd3 Bb6 27. g4 Qb5 0-1

[Event "*** Titled Tuesday Blitz"]
[Site "Chess.com"]
[Date "2019.03.05"]
[Round "5"]
[White "IIIlllII1llIl"]
[Black "Man-Chuk"]
[Result "0-1"]
[WhiteElo "2584"]
[BlackElo "2782"]
[TimeControl "180+2"]
[EndTime "14:11:46 PST"]
[Termination "Man-Chuk won on time"]

1. e4 c6 2. Nf3 d5 3. Nc3 dxe4 4. Nxe4 Nf6 5. Nxf6+ exf6 6. g3 Bd6 7. Bg2 O-O 8. O-O Bf5 9. d4 a5 10. c4 Re8 11.
Qb3 Na6 12. Bd2 Bb4 13. Bxb4 axb4 14. a3 bxa3 15. Qxb7 Rb8 16. Qxa6 axb2 17. Rab1 Bxb1 18. Rxb1 Qb6 19. Qa4 Qb3 20. Qxb3 Rxb3 21. Nd2 Rb4 22. Bxc6 Re2 23. Nf3 Rc2 24. Be4 Rc1+ 25. Kg2 Rxb1 26.
Bxb1 Rxc4 27. Nd2 Rxd4 0-1

[Event "*** Titled Tuesday Blitz"]
[Site "Chess.com"]
[Date "2019.03.05"]
[Round "5"]
[White "Winehouse83"]
[Black "ShadyH9"]
[Result "1-0"]
[WhiteElo "2515"]
[BlackElo "2297"]
[TimeControl "180+2"]
[EndTime "14:11:46 PST"]
[Termination "Winehouse83 won by resignation"]

1. d4 Nf6 2. c4 g6 3. Nc3 Bg7 4. e4 d6 5. Be2 O-O 6. Bg5 Na6 7. f4 c6 8. Nf3 Nc7 9. d5 h6 10. Bh4 cxd5 11. cxd5 b5 12. Nd4 Bd7 13. a3 Qb8 14. Bf3 b4 15. Nce2 bxa3 16. bxa3 Qb2 17. O-O Rab8 18. Qd3 Qb6 19. Bf2 Qa6 20. Qxa6 Nxa6 21. h3 Ba4 22. Rac1 Nc5 23. Rc4 Nfd7 24. Nc6 Bxc6 25.
dxc6 Nb6 26. Rc2 Rfc8 27. e5 Nba4 28. exd6 exd6 29. Rd1 Bf8 30. Bd5 Kg7 31. Bd4+ Kh7 32. f5 Bg7 33. fxg6+ fxg6 34. Bxg7 Kxg7 35. Nd4 Rc7 36. Re1 Rb2 37. Rxb2 Nxb2 38. Nb5 Rf7 39. Bxf7 1-0

[Event "*** Titled Tuesday Blitz"]
[Site "Chess.com"]
[Date "2019.03.05"]
[Round "5"]
[White "Stephenzinho"]
[Black "wenx95"]
[Result "0-1"]
[WhiteElo "2498"]
[BlackElo "2500"]
[TimeControl "180+2"]
[EndTime "14:11:49 PST"]
[Termination "wenx95 won by resignation"]

1. e4 d5 2. exd5 Qxd5 3. Nc3 Qa5 4. g3 Nf6 5. Bg2 h5 6. h3 c6 7. Nf3 Bf5 8. d3 Qc7 9. Bf4 Qc8 10. Qe2 e6 11. O-O-O Nd5 12. Nxd5 cxd5 13. Nd4 Bg6 14. Bxd5 Be7 15. Bb3 Nc6 16. Nxc6 Qxc6 17. Rhe1 O-O 18. g4 h4 19. Kb1 a5 20. a4 b5 21. axb5 Qxb5 22. Qe5 Qb7 23. Bxe6 Bf6 24. Qxf6 gxf6 25. Bc4 a4 26. Bd6 Rfc8 27. Ba3 Qg2 28. Rd2 Qxh3 29. Rg1 Rab8 30. f4 Rxc4 31. f5 Rxg4 32. Rxg4 Qxg4 33. fxg6 fxg6 34. d4 h3 35. d5 Qg1+ 36. Ka2 h2 37.
Bd6 h1=Q 0-1

[Event "*** Titled Tuesday Blitz"]
[Site "Chess.com"]
[Date "2019.03.05"]
[Round "5"]
[White "GameOverBro"]
[Black "Maili15"]
[Result "0-1"]
[WhiteElo "2389"]
[BlackElo "2290"]
[TimeControl "180+2"]
[EndTime "14:11:49 PST"]
[Termination "Maili15 won by resignation"]

1. e4 d5 2. exd5 Nf6 3. d4 Bg4 4. Be2 Bxe2 5. Qxe2 Qd7 6. Nf3 c6 7. dxc6 Nxc6 8. c3 e6 9. Nbd2 Be7 10. O-O O-O 11. Nc4 Nd5 12. Bg5 Bxg5 13. Nxg5 h6 14. Nf3 Nf4 15. Qe4 Qd5 16. Qxf4 Qxc4 17. Rfe1 Rac8 18.
h4 b5 19. a3 a5 20. Re3 b4 21. axb4 axb4 22. g4 Qb3 23. cxb4 Qxb2 24. Rd1 Nxb4 25.
Qg3 Nd5 26. Re5 Rc3 27. g5 Qb3 28. gxh6 Qxd1+ 29. Kg2 g6 30. h7+ Kg7 31. Rxd5 Qxf3+ 32. Qxf3 Rxf3 0-1

[Event "*** Titled Tuesday Blitz"]
[Site "Chess.com"]
[Date "2019.03.05"]
[Round "5"]
[White "severomorskij"]
[Black "LPSupi"]
[Result "0-1"]
[WhiteElo "2704"]
[BlackElo "2858"]
[TimeControl "180+2"]
[EndTime "14:11:51 PST"]
[Termination "LPSupi won by resignation"]

1. d4 Nf6 2. Bg5 g6 3. Bxf6 exf6 4. c4 d5 5. cxd5 Qxd5 6. Nc3 Qd8 7. e3 Bd6 8. g3 O-O 9. Bg2 Nd7 10. Nge2 f5 11.
O-O Nf6 12. Qc2 a6 13. Rab1 h5 14. h4 Ng4 15. b4 g5 16. hxg5 Qxg5 17. Nd5 h4 18.
Bf3 hxg3 19. fxg3 Nxe3 20. Nxe3 Qxe3+ 21. Kg2 Kg7 22. Rh1 Bd7 23. Rh5 Rh8 24. Rb3 Qe7 25.
Nf4 Rag8 26. Qd2 Kf8 27. Rxh8 Rxh8 28. Nd5 Qe6 29. Qg5 Qe1 30. Re3 Qh1+ 31. Kf2 Rh2+ 0-1

[Event "*** Titled Tuesday Blitz"]
[Site "Chess.com"]
[Date "2019.03.05"]
[Round "5"]
[White "calemcc"]
[Black "vladimir_petrov"]
[Result "1-0"]
[WhiteElo "2236"]
[BlackElo "2361"]
[TimeControl "180+2"]
[EndTime "14:11:53 PST"]
[Termination "calemcc won on time"]

1. d4 Nf6 2. c4 e6 3. Nf3 b6 4.
g3 Ba6 5. b3 Bb4+ 6. Bd2 Be7 7.
Bg2 c6 8. O-O d5 9. Ne5 Nfd7 10.
Nxd7 Nxd7 11. Bc3 f5 12. Nd2 O-O 13. Rc1 Nf6 14. f3 c5 15. e3 Rc8 16. Re1 cxd4 17. Bxd4 Bc5 18. Bxc5 bxc5 19. cxd5 exd5 20. Nb1 d4 21. exd4 cxd4 22. Rxc8 Bxc8 23. Qd3 Qd6 24.
Rd1 Rd8 25. Nc3 Ba6 26. Qxf5 Qe7 27. Ne4 Nd5 28. Rxd4 Bb7 29. Bh3 1-0

[Event "*** Titled Tuesday Blitz"]
[Site "Chess.com"]
[Date "2019.03.05"]
[Round "5"]
[White "martinmartinez95"]
[Black "TBergh98"]
[Result "0-1"]
[WhiteElo "2464"]
[BlackElo "2380"]
[TimeControl "180+2"]
[EndTime "14:11:55 PST"]
[Termination "TBergh98 won by checkmate"]

1. e4 e5 2. Nf3 Nc6 3. Bc4 Bc5 4. c3 Nf6 5. d4 exd4 6. e5 d5 7. Be2 Ne4 8. cxd4 Bb4+ 9. Nbd2 O-O 10. O-O Ne7 11.
Nb3 c6 12. Ng5 Be6 13. a3 Ba5 14. Nxe4 dxe4 15. Bg5 Bb6 16. Rc1 Qc7 17. Nc5 h6 18. Be3 Nf5 19. Qd2 Rad8 20. Rfd1 Qe7 21. Qc2 Nxe3 22.
fxe3 Qg5 23. Qc3 Bxc5 24. dxc5 Bh3 25. g3 Rfe8 26. Rd4 Rd5 27. Rxe4 Rdxe5 28. Rxe5 Rxe5 29. Rd1 Rxe3 30. Rd8+ Kh7 31. Bd3+ f5 32. Rd7 Rxg3+ 33.
Kf2 Qe3# 0-1

[Event "*** Titled Tuesday Blitz"]
[Site "Chess.com"]
[Date "2019.03.05"]
[Round "5"]
[White "ASVZ"]
[Black "RiskyDecision"]
[Result "1-0"]
[WhiteElo "2418"]
[BlackElo "2440"]
[TimeControl "180+2"]
[EndTime "14:11:55 PST"]
[Termination "ASVZ won by resignation"]

1. e4 e6 2. d4 d5 3. e5 c5 4. c3 Bd7 5. Be3 Qb6 6. Qd2 a6 7. dxc5 Bxc5 8. Bxc5 Qxc5 9. Qg5 g6 10. Nd2 Bb5 11.
Nb3 Qb6 12. Nf3 Nc6 13. Nfd4 Nxd4 14. cxd4 Ne7 15. Qf6 Rf8 16. Bxb5+ Qxb5 17. Rc1 Nc6 18. Rc3 a5 19. a4 Qxa4 20. O-O Qb4 21. Nc5 Nxd4 22.
Kh1 a4 23. Rfc1 Ne2 24. Nd3 Qxc3 25. Rxc3 Nxc3 26. bxc3 a3 27. Nb4 a2 28. Nxa2 Rxa2 29. h4 Kd7 30. h5 gxh5 31. Qg7 Ra3 32. Qxf8 1-0

[Event "*** Titled Tuesday Blitz"]
[Site "Chess.com"]
[Date "2019.03.05"]
[Round "5"]
[White "emperor87"]
[Black "gmjlh"]
[Result "1-0"]
[WhiteElo "2727"]
[BlackElo "2707"]
[TimeControl "180+2"]
[EndTime "14:12:00 PST"]
[Termination "emperor87 won on time"]

1. e4 c5 2. Nf3 Nc6 3. d4 cxd4 4. Nxd4 Nf6 5. Nc3 e5 6. Ndb5 d6 7. Bg5 a6 8. Na3 b5 9. Bxf6 gxf6 10. Nd5 Bg7 11. Bd3 Ne7 12. c4 Nxd5 13. cxd5 f5 14. exf5 O-O 15. Be4 Qg5 16. Qf3 Qf4 17. Ke2 Bd7 18.
Rac1 Rac8 19. Rxc8 Rxc8 20. Qxf4 exf4 21. b4 a5 22.
bxa5 b4 23. Nc2 Bb5+ 24. Kf3 Ba4 25. Nxb4 Rc3+ 26. Kg4 Rc4 27. a3 Rxe4 28. a6 Bd4 29. Rc1 Bc5 30. Nd3 Bb6 31. Rc8+ Kg7 32. Rb8 Bd1+ 33. f3 Bg1 34. Rb1 Rd4 35. Rxd1 Be3 36.
Nb2 1-0

[Event "*** Titled Tuesday Blitz"]
[Site "Chess.com"]
[Date "2019.03.05"]
[Round "5"]
[White "BlueWizzard"]
[Black "GeorgMeier"]
[Result "0-1"]
[WhiteElo "2684"]
[BlackElo "2841"]
[TimeControl "180+2"]
[EndTime "14:12:01 PST"]
[Termination "GeorgMeier won by resignation"]

1. e3 e5 2. b3 d5 3. Bb2 Bd6 4. c4 Nf6 5. Nc3 d4 6. Nb5 c5 7. exd4 exd4 8. Nxd6+ Qxd6 9. Bd3 Nc6 10. Nf3 O-O 11. O-O Bg4 12. Re1 b6 13. h3 Bh5 14. Bf1 Rae8 15. Rxe8 Rxe8 16. d3 h6 17. a3 Nd7 18. Be2 Qe6 19. Qd2 Qxe2 20. Re1 Bxf3 21. Rxe2 Rxe2 22. Qf4 Rxb2 23. Qxf3 Ncb8 24. b4 cxb4 25. axb4 Rxb4 26. Qe4 Nf8 27. Qxd4 a5 28. Qd6 Nbd7 29. g4 Rb1+ 30. Kg2 a4 31. Qa3 Rb3 32.
Qxa4 Rxd3 33. h4 Rd4 34. f3 Ne5 35. Qa7 Nxc4 36. Qc7 b5 37. Qb8 b4 38. Kg3 Nd2 39. g5 hxg5 40. hxg5 g6 41. Qb6 Rd3 42.
Qxb4 Nxf3 43. Kf2 Nd4 44. Qc4 Rf3+ 45. Kg2 Nfe6 46. Qd5 Rf5 47. Qa8+ Kg7 48. Kh3 Rxg5 49. Qe4 Rh5+ 50. Kg2 Rf5 51. Qe3 g5 52. Qe4 Kf6 53.
Kg3 Rf3+ 54. Kh2 Rf4 55. Qe3 Rh4+ 56. Kg2 Rg4+ 57. Kh3 Rf4 58. Kg2 Nf5 59. Qc3+ Kg6 60. Qd3 g4 61. Qd7 g3 62. Kh3 Rh4+ 63. Kg2 Rh2+ 64.
Kf3 Rf2+ 65. Kg4 g2 66. Qd3 g1=Q+ 0-1

[Event "*** Titled Tuesday Blitz"]
[Site "Chess.com"]
[Date "2019.03.05"]
[Round "5"]
[White "Vugar_Manafov"]
[Black "DrRiebert"]
[Result "1-0"]
[WhiteElo "2419"]
[BlackElo "2431"]
[TimeControl "180+2"]
[EndTime "14:12:04 PST"]
[Termination "Vugar_Manafov won on time"]

1. Nf3 Nf6 2. g3 d5 3. Bg2 c5 4. O-O Nc6 5. d3 e6 6. Nc3 Be7 7. e4 O-O 8. h3 a6 9. Re1 b5 10. exd5 exd5 11. d4 c4 12. Ne5 Bb7 13. Bf4 Rc8 14.
g4 b4 15. Na4 Nxe5 16. Bxe5 Bc6 17. Nc5 Qb6 18. g5 Ne4 19. Nxe4 dxe4 20. Bxe4 Bxe4 21. Rxe4 Bxg5 22. Qh5 Bf6 23. Rg4 g6 24. Qh6 Rfe8 25. Rh4 Bxe5 26. Qxh7+ Kf8 27. dxe5 Ke7 28. Qh6 Rc6 29. Rd1 Ke6 30. Qf4 1-0

[Event "*** Titled Tuesday Blitz"]
[Site "Chess.com"]
[Date "2019.03.05"]
[Round "5"]
[White "Thjop"]
[Black "MaxiAMueller"]
[Result "1-0"]
[WhiteElo "2558"]
[BlackElo "2049"]
[TimeControl "180+2"]
[EndTime "14:12:08 PST"]
[Termination "Thjop won by resignation"]

1. d4 d5 2. c4 dxc4 3. e4 Nf6 4. e5 Nd5 5. Bxc4 Nb6 6. Bb3 Nc6 7. Nf3 Bg4 8. Be3 e6 9. O-O Qd7 10. h3 Bh5 11.
Nbd2 Be7 12. a3 O-O-O 13. Qc2 g5 14. Ba2 f5 15. exf6 Bxf6 16. Rac1 g4 17. Ne4 gxf3 18. Nxf6 Qg7 19. Bxe6+ Kb8 20. Ng4 Bxg4 21. hxg4 h5 22. g5 fxg2 23. Rfd1 h4 24. d5 Ne5 25. f4 Nf3+ 26.
Kxg2 h3+ 27. Kxf3 h2 28. Rh1 Nxd5 29. Rxh2 Nxe3 30. Kxe3 Qd4+ 31. Kf3 Qd3+ 32. Qxd3 Rxd3+ 33. Ke4 Rxh2 34. Kxd3 Rxb2 35. g6 1-0